 Dungeon Crawl Stone Soup version 0.28.0-47-ge53b351184 (webtiles) character file.

Game seed: 5203827018225485903

210 Icepheonix32 the Chiller (level 5, -1/35 HPs)
             Began as a Demonspawn Ice Elementalist on May 5, 2022.
             Slain by an adder (4 damage)
             ... in a sewer.
             The game lasted 00:05:06 (2813 turns).

Icepheonix32 the Chiller (DsIE)                     Turns: 2813, Time: 00:05:06

Health: -1/35      AC:  4    Str: 15    XL:     5   Next: 57%
Magic:  8/8        EV: 13    Int: 18    God:
Gold:   707        SH:  0    Dex: 13    Spells: 1/8 levels left

rFire   . . .      SeeInvis .     - Unarmed
rCold   . . .      Faith    .   (no shield)
rNeg    . . .      Spirit   .   a - +1 robe
rPois   .          Reflect  .   (no helmet)
rElec   .          Harm     .   (no cloak)
rCorr   .          Rampage  .   (no gloves)
Will    .....                   (no boots)
Stlth   ++........              (no amulet)
HPRegen 0.11/turn               b - +4 ring of evasion
MPRegen 0.11/turn               j - +6 ring of strength

@: about to teleport, constricted
A: claws 2, sharp scales 1
a: no special abilities


You were in a sewer.
You visited 1 branch of the dungeon, and saw 3 of its levels.
You also visited: Sewer.

You collected 707 gold pieces.

Inventory:

Hand Weapons
 c - a +0 short sword
 h - a +1 spear
Missiles
 n - 2 curare-tipped darts
Armour
 a - a +1 robe (worn)
 e - a +0 buckler
 l - an orb of mayhem
Jewellery
 b - a +4 ring of evasion (left claw)
 j - a +6 ring of strength (right claw)
Scrolls
 d - 2 scrolls of enchant armour
 k - a scroll of enchant weapon
 o - a scroll of identify {unknown}
 p - a scroll of blinking {unknown}
 q - a scroll of summoning {unknown}
 r - a scroll of fear {unknown}
Potions
 f - 2 potions of attraction {unknown}
 i - 2 potions of curing {unknown}
 m - 3 potions of haste {unknown}


   Skills:
 - Level 1.7 Dodging
 - Level 1.7 Stealth
 + Level 1.7 Unarmed Combat
 - Level 2.0 Spellcasting
 * Level 5.9 Ice Magic


You had one spell level left.
You knew the following spells:

 Your Spells              Type           Power      Damage    Failure   Level
a - Freeze                Ice            92%        1d10      1%          1
b - Ozocubu's Armour      Ice            23%        N/A       4%          3
c - Frozen Ramparts       Ice            46%        1d6       4%          3

Your spell library contained the following spells:

 Spells                   Type           Power      Damage    Failure   Level
 Sandblast                Erth           2%         2d4       19%         1
 Passwall                 Tmut/Erth      0%         N/A       26%         2
 Stone Arrow              Conj/Erth      2%         3d7       47%         3
 Hailstorm                Conj/Ice       12%        3d5       47%         4


Dungeon Overview and Level Annotations

Branches:
Dungeon (3/15)              Sewer (1/1)

Altars:
The Shining One


Innate Abilities, Weirdness & Mutations

You have very sharp fingernails.
You are partially covered in razor-sharp scales. (AC +1, Slay +1)


Message History

You hear a croak.
A bullfrog comes into view.
A ball python comes into view.
A bullfrog comes into view.
The ball python moves out of view.
The ball python hisses angrily. x2
The bullfrog swells and bulges.
The frilled lizard barely misses you. The adder bites you but does no damage.
The ball python bites you. The ball python closely misses you.
The frilled lizard completely misses you.
The adder bites you.
You are poisoned.
The adder poisons you!
You feel very sick. The ball python completely misses you.
The ball python grabs you. The ball python constricts you.
The adder closely misses you. The bullfrog closely misses you.
The ball python barely misses you. The ball python constricts you.
The ball python bites you but does no damage.
The adder bites you but does no damage. The bullfrog hits you.
You escape the ball python's grasp.
You feel sick.
The bullfrog hits you but does no damage.
The ball python barely misses you. x3; The ball python grabs you.
The ball python constricts you. The adder bites you.
The bullfrog hits you but does no damage.
The ball python bites you. The ball python barely misses you.
The ball python constricts you.
Unknown command.
You escape the ball python's grasp.
You feel sick. The bullfrog misses you. The adder closely misses you.
The ball python misses you. The ball python closely misses you.
The bullfrog completely misses you.
Unknown command.
You feel sick. The bullfrog completely misses you. The bullfrog hits you!
* * * LOW HITPOINT WARNING * * *
Unknown command.
As you read the scroll labelled UGU RUALOGHYN, it crumbles to dust.
You feel strangely unstable.
It was a scroll of teleportation.
You feel sick.
You are no longer poisoned.
The ball python closely misses you. The ball python grabs you.
The ball python constricts you. The adder bites you.
You die...

#......
#.....
#.≈...##
##≈≈.≈
#≈≈≈#≈≈#
#≈≈≈≈≈
#≈≈≈≈≈≈#
#≈≈≈≈≈
#≈≈≈≈≈≈#
#≈≈≈≈≈
#≈≈≈≈≈≈#
#≈≈≈≈≈
#Fl≈≈≈≈#
#≈≈≈≈≈
#SS#≈≈≈#
#≈≈≈≈≈
#F@SS≈≈#
#≈≈≈≈≈
#≈.S≈≈≈#
#≈≈..≈
#≈≈≈≈≈≈#
#≈≈))≈
#≈#≈≈≈≈#
#≈≈≈.≈
#≈≈≈≈≈≈#
#≈≈≈†≈
#≈≈≈≈≈≈#
#≈≈≈≈≈
#≈≈≈≈≈≈#
#≈≈≈≈≈
#≈≈≈≈≈≈#
#≈≈≈≈≈
#≈≈≈≈≈≈#####
#≈≈≈≈≈


You could see 2 bullfrogs, an adder, 4 ball pythons and a frilled lizard.

Vanquished Creatures
  An iguana (D:2)
  5 adders
  8 river rats
  A dart slug (D:1)
  13 ball pythons
  3 endoplasms (D:1)
  A giant cockroach (D:1)
  3 goblins (D:2)
  2 hobgoblins
  2 jackals (D:2)
  3 kobolds
  2 quokkas (D:2)
  5 bats
  A frilled lizard (D:1)
  29 rats
79 creatures vanquished.

Notes
Turn   | Place    | Note
-------+----------+-------------------------------------------
     0 | D:1      | Icepheonix32 the Demonspawn Ice Elementalist began the
                  | quest for the Orb.
     0 | D:1      | Reached XP level 1. HP: 13/13 MP: 3/3
     0 | D:1      | Noticed a spriggan
     2 | D:1      | Noticed a minotaur zombie
     8 | D:1      | Noticed a dwarf
    14 | D:1      | Noticed a vampire
    16 | D:1      | Noticed a minotaur
    18 | D:1      | Noticed a minotaur
    20 | D:1      | Noticed an elf
    22 | D:1      | Noticed a vine stalker
   368 | D:1      | Reached skill level 4 in Ice Magic
   525 | D:1      | Gained mutation: You have sharp fingernails. [demonic
                  | ancestry]
   525 | D:1      | Reached XP level 2. HP: 19/19 MP: 0/5
  1072 | D:2      | Gained mutation: You have very sharp fingernails. [demonic
                  | ancestry]
  1072 | D:2      | Reached XP level 3. HP: 24/24 MP: 6/6
  1077 | D:2      | Learned a level 3 spell: Ozocubu's Armour
  1645 | D:2      | Reached skill level 5 in Ice Magic
  1645 | D:2      | Gained mutation: You are partially covered in razor-sharp
                  | scales. (AC +1, Slay +1) [demonic ancestry]
  1645 | D:2      | Reached XP level 4. HP: 18/30 MP: 3/7
  1933 | D:2      | Identified a scroll of acquirement
  1933 | D:2      | Acquired 635 gold pieces
  2087 | D:3      | Found a glowing drain.
  2095 | Sewer    | Entered a sewer
  2129 | Sewer    | Reached skill level 1 in Unarmed Combat
  2323 | Sewer    | Learned a level 3 spell: Frozen Ramparts
  2334 | Sewer    | Reached XP level 5. HP: 29/35 MP: 6/8
  2813 | Sewer    | Slain by an adder

Illustrated notes

Levels and vault maps discovered:
D:1:      shiori_arrival_whats_in_store_for_you, layout_basic
D:2:      layout_basic, basic_altar, minmay_tetromino_l2
D:3:      layout_basic, hellmonk_ecumenical_altar_watching_god,
          portal_sewer_entry_e
Sewer:    sewer_minmay_w

Skill      XL: |  1  2  3  4 |
---------------+-------------+-----
Ice Magic      | 4 5 |  5.9
Unarmed Combat | 1 |  1.7
Dodging        | |  1.7
Stealth        | |  1.7
Spellcasting   | |  2.0

Action                   |  1- 3 |  4- 6 || total
-------------------------+-------+-------++-------
Melee: Short sword       |     7 |       ||     7
       Spear             |    49 |       ||    49
       Punch             |     1 |     1 ||     2
       Unarmed           |    25 |   107 ||   132
 Cast: Freeze            |    31 |     6 ||    37
       Ozocubu's Armour  |       |     7 ||     7
       Frozen Ramparts   |       |     4 ||     4
  Use: Scroll            |       |     5 ||     5
 Stab: Sleeping          |     6 |     1 ||     7
Armor: Robe              |    16 |    30 ||    46
Dodge: Dodged            |    78 |   148 ||   226
